[Event "*** Titled Tuesday Blitz"]
[Site "Chess.com"]
[Date "2019.03.05"]
[Round "10"]
[White "The_Lost_Rogainer"]
[Black "FearNoEvil12"]
[Result "0-1"]
[WhiteElo "2083"]
[BlackElo "1969"]
[TimeControl "180+2"]
[EndTime "15:25:02 PST"]
[Termination "FearNoEvil12 won by checkmate"]

1. d4 b5 2. Nf3 a6 3. e4 Bb7 4. Bd3 e6 5. O-O Nf6 6. Re1 d6 7. Bg5 h6 8. Bh4 g5 9. Bg3 Nbd7 10. a4 b4 11. a5 Rg8 12. Nbd2 h5 13. h4 gxh4 14.
Nxh4 Be7 15. Nhf3 Ng4 16. e5 h4 17. Bf4 dxe5 18. dxe5 Bc5 19. Be3 Nxe3 20. fxe3 Nxe5 21. Nxe5 Rxg2+ 22. Kf1 Qf6+ 23. Ndf3 Rg3 24. e4 Qf4 25. Qe2 Rg1# 0-1

[Event "*** Titled Tuesday Blitz"]
[Site "Chess.com"]
[Date "2019.03.05"]
[Round "10"]
[White "nochewycandy"]
[Black "vovachesss"]
[Result "0-1"]
[WhiteElo "2365"]
[BlackElo "2574"]
[TimeControl "180+2"]
[EndTime "15:25:08 PST"]
[Termination "vovachesss won by resignation"]

1. e4 Nc6 2. Nf3 d6 3. h3 g6 4.
d4 Bg7 5. c3 Nf6 6. Bd3 O-O 7.
O-O a6 8. Re1 e5 9. Na3 b5 10.
Nc2 Re8 11. a4 Rb8 12. d5 Ne7 13. axb5 axb5 14. Nb4 Bd7 15. Bg5 Nh5 16. Qd2 f6 17.
Bh6 Bxh6 18. Qxh6 Nf4 19. Bf1 Kh8 20. g3 Ng8 21. Qh4 g5 22. gxf4 gxh4 23. f5 Qe7 24. Kh2 Qg7 25. Bd3 Qh6 26. Kg2 Qf4 27. Nh2 Nh6 28.
Ra7 Rg8+ 0-1

[Event "*** Titled Tuesday Blitz"]
[Site "Chess.com"]
[Date "2019.03.05"]
[Round "10"]
[White "nikitakhoroshev"]
[Black "fm_magua"]
[Result "0-1"]
[WhiteElo "2580"]
[BlackElo "2486"]
[TimeControl "180+2"]
[EndTime "15:25:27 PST"]
[Termination "fm_magua won by checkmate"]

1. e4 c5 2. Nf3 Nc6 3. Bb5 g6 4. O-O Bg7 5. Re1 Nf6 6. c3 O-O 7. d3 d6 8. Nbd2 e5 9. Nf1 Nh5 10. Ne3 h6 11. Nd5 Be6 12. Bc4 Na5 13. b4 cxb4 14.
cxb4 Nc6 15. a3 Nd4 16. Nxd4 exd4 17. Bb2 Qh4 18. g3 Qh3 19. Ne7+ Kh7 20. Bxe6 fxe6 21.
Rc1 Rxf2 22. Kxf2 Qxh2+ 23. Kf3 Qxg3+ 24. Ke2 Qg2# 0-1

[Event "*** Titled Tuesday Blitz"]
[Site "Chess.com"]
[Date "2019.03.05"]
[Round "10"]
[White "Kimster98"]
[Black "Andrei_Belozerov"]
[Result "0-1"]
[WhiteElo "2607"]
[BlackElo "2519"]
[TimeControl "180+2"]
[EndTime "15:25:50 PST"]
[Termination "Andrei_Belozerov won by resignation"]

1. Nf3 d5 2. g3 Bg4 3. Bg2 Nd7 4. h3 Bh5 5. c4 e6 6. cxd5 exd5 7. O-O Ngf6 8. Nc3 c6 9. d3 Bc5 10. e4 dxe4 11. dxe4 O-O 12. Qc2 Re8 13. g4 Bg6 14. Nh4 Nxe4 15. Nxg6 Nxc3 16. Qxc3 hxg6 17. Rd1 Qf6 18.
Rxd7 Qxf2+ 19. Kh2 Re2 0-1

[Event "*** Titled Tuesday Blitz"]
[Site "Chess.com"]
[Date "2019.03.05"]
[Round "10"]
[White "LearningChess2019"]
[Black "StephenDedalus83"]
[Result "1-0"]
[WhiteElo "2397"]
[BlackElo "2654"]
[TimeControl "180+2"]
[EndTime "15:25:52 PST"]
[Termination "LearningChess2019 won by resignation"]

1. e4 c5 2. Nc3 Nc6 3. Bb5 Nd4 4. Nf3 e6 5. O-O a6 6. Bd3 Nc6 7. b3 b5 8. Re1 Bb7 9. Bb2 d6 10. Bf1 Nf6 11. d4 cxd4 12. Nxd4 Be7 13. Nd5 exd5 14. Nxc6 Bxc6 15. exd5 Bb7 16. Bxf6 gxf6 17.
Re3 Qc7 18. Qh5 O-O-O 19. a4 b4 20. Qg4+ Rd7 21. Rxe7 1-0

[Event "*** Titled Tuesday Blitz"]
[Site "Chess.com"]
[Date "2019.03.05"]
[Round "10"]
[White "dopolian"]
[Black "Lennis93"]
[Result "0-1"]
[WhiteElo "2168"]
[BlackElo "2248"]
[TimeControl "180+2"]
[EndTime "15:26:12 PST"]
[Termination "Lennis93 won by resignation"]

1. e4 e6 2. d4 d5 3. Nd2 dxe4 4.
Nxe4 Nd7 5. Nf3 Ngf6 6. Bd3 Be7 7.
Nxf6+ Nxf6 8. O-O O-O 9. c4 c5 10. dxc5 Bxc5 11. Bg5 h6 12. Bh4 b6 13. Qe2 Bb7 14.
Rad1 Qe7 15. a3 a5 16. Nd2 Rfd8 17. Ne4 Bd4 18. b4 axb4 19. axb4 Qxb4 20. Nxf6+ Bxf6 21. Bxf6 gxf6 22. Qg4+ Kf8 23. Qh4 Ke7 24. Qxh6 Rg8 25. f3 Ra2 26. Qh3 Qb2 27. g3 Rh8 28.
Bh7 Rxh7 0-1

[Event "*** Titled Tuesday Blitz"]
[Site "Chess.com"]
[Date "2019.03.05"]
[Round "10"]
[White "PocketPivot"]
[Black "gmjoey1"]
[Result "0-1"]
[WhiteElo "2515"]
[BlackElo "2728"]
[TimeControl "180+2"]
[EndTime "15:26:22 PST"]
[Termination "gmjoey1 won by resignation"]

1. e4 c6 2. Nc3 d5 3. Nf3 dxe4 4.
Nxe4 Nf6 5. Qe2 Bg4 6. h3 Bh5 7. Nxf6+ gxf6 8. d3 c5 9. g4 Bg6 10. Bd2 Nc6 11. O-O-O Bg7 12. h4 h5 13. gxh5 Bxh5 14.
Qe4 f5 15. Qxf5 Qb6 16. c3 Qa6 17. Kb1 c4 18. Rg1 Bf6 19. dxc4 Rd8 20. Qb5 Bxf3 0-1

[Event "*** Titled Tuesday Blitz"]
[Site "Chess.com"]
[Date "2019.03.05"]
[Round "10"]
[White "fish7728"]
[Black "BIG_Pirate"]
[Result "1-0"]
[WhiteElo "2271"]
[BlackElo "2357"]
[TimeControl "180+2"]
[EndTime "15:26:27 PST"]
[Termination "fish7728 won by resignation"]

1. d4 d5 2. c4 c6 3. cxd5 cxd5 4. Nc3 Nf6 5. Bf4 Nc6 6. e3 a6 7. Bd3 Bg4 8. f3 Bh5 9. g4 Bg6 10. h4 e6 11. h5 Bxd3 12. Qxd3 Bd6 13. Nge2 h6 14. Kf2 Qe7 15. Bxd6 Qxd6 16. Nf4 Rc8 17. a3 Na5 18. b4 Nc4 19. Rhg1 b5 20.
g5 hxg5 21. Rxg5 Nxh5 22. Rh1 g6 23. Nxg6 fxg6 24. Qxg6+ Kd7 25. Rhxh5 Rxh5 26. Rxh5 Nxa3 27. Rh7+ Kc6 28. e4 dxe4 29. Qxe4+ 1-0

[Event "*** Titled Tuesday Blitz"]
[Site "Chess.com"]
[Date "2019.03.05"]
[Round "10"]
[White "Denis_Palkovich"]
[Black "DonPreuss"]
[Result "0-1"]
[WhiteElo "2247"]
[BlackElo "2213"]
[TimeControl "180+2"]
[EndTime "15:26:35 PST"]
[Termination "DonPreuss won on time"]

1. d4 Nc6 2. Bf4 d6 3. e3 g6 4. Nf3 Bg7 5. h3 e6 6. Be2 Nge7 7. O-O O-O 8. c4 e5 9. Bh2 e4 10. Nfd2 f5 11. Nc3 g5 12. Rc1 Ng6 13. c5 f4 14.
Ndxe4 Nh4 15. cxd6 f3 16. Bc4+ Kh8 17. dxc7 Qe8 18.
g4 h5 19. Nd6 Qg6 20. Qc2 Qh6 21. Nf7+ Rxf7 22. Bxf7 hxg4 23. Ne4 Nf5 24. hxg4 Qh3 0-1

[Event "*** Titled Tuesday Blitz"]
[Site "Chess.com"]
[Date "2019.03.05"]
[Round "10"]
[White "LLRChess"]
[Black "Sajkochess"]
[Result "1-0"]
[WhiteElo "2355"]
[BlackElo "2252"]
[TimeControl "180+2"]
[EndTime "15:26:39 PST"]
[Termination "LLRChess won by resignation"]

1. f4 d5 2. Nf3 c5 3. g3 Nc6 4. Bg2 Bf5 5. O-O e6 6. d3 Bd6 7. Qe1 Nf6 8. c3 h6 9. Nbd2 Bh7 10. e4 dxe4 11. dxe4 e5 12. fxe5 Nxe5 13. Nxe5 Bxe5 14.
Nc4 Bc7 15. e5 Nd5 16. Nd6+ Bxd6 17. exd6+ Ne7 18. dxe7 Qxe7 19. Bxb7 Rb8 20. Bc6+ Kf8 21. Qxe7+ Kxe7 22. b3 Rhc8 23. Bd5 f6 24. c4 Kf8 25.
Bf4 Rb6 26. Rfe1 a5 27. Re6 Rxe6 28. Bxe6 Rc6 29. Bd5 Rb6 30. Be3 Rb8 31. Bxc5+ Ke8 32. Re1+ Kd8 33. Re7 a4 34. Rxg7 axb3 35. axb3 Bc2 36.
Rg8+ Kc7 37. Bd6+ Kxd6 38. Rxb8 Kc5 39. Kf2 f5 40. Ke3 1-0

[Event "*** Titled Tuesday Blitz"]
[Site "Chess.com"]
[Date "2019.03.05"]
[Round "10"]
[White "Rashad_Zeynalli"]
[Black "Marcus_Harvey"]
[Result "0-1"]
[WhiteElo "2420"]
[BlackElo "2596"]
[TimeControl "180+2"]
[EndTime "15:26:59 PST"]
[Termination "Marcus_Harvey won by resignation"]

1. e4 e6 2. d4 d5 3. Nc3 Nf6 4. e5 Nfd7 5. f4 c5 6. Nf3 Nc6 7. Be3 a6 8. Qd2 Qb6 9. Na4 Qb4 10.
Qxb4 Nxb4 11. Kd2 b6 12. g4 Bb7 13. a3 Nc6 14. Be2 Be7 15. h4 Rc8 16. h5 cxd4 17. Nxd4 Na5 18. Nb3 Nc4+ 19. Bxc4 dxc4 20. Nd4 Bxh1 21.
Rxh1 b5 22. Nc3 Nc5 23. Ke2 O-O 24. Kf3 Rfd8 25. f5 Bg5 26. Nxe6 Nxe6 27. fxe6 Bxe3 28. exf7+ Kxf7 29. Kxe3 Ke6 30. Rf1 Rf8 31. Rxf8 Rxf8 32. Kd4 Rf4+ 33. Kc5 Rxg4 34. Kb6 Rg5 35. Kxa6 Rxh5 36.
Kxb5 Rxe5+ 37. Kb6 h5 38. a4 h4 39. a5 h3 40. Nd1 h2 41. Nf2 Re2 42. Nh1 Re1 43.
Ng3 Rg1 0-1

[Event "*** Titled Tuesday Blitz"]
[Site "Chess.com"]
[Date "2019.03.05"]
[Round "10"]
[White "Chessialist"]
[Black "Zq1"]
[Result "0-1"]
[WhiteElo "2487"]
[BlackElo "2552"]
[TimeControl "180+2"]
[EndTime "15:27:02 PST"]
[Termination "Zq1 won by resignation"]

1. e4 c5 2. Nf3 d6 3. d4 cxd4 4. Qxd4 a6 5. h3 e6 6. Be2 Nf6 7. O-O Be7 8. Rd1 Qc7 9. c4 b6 10. Nc3 Bb7 11. b3 Nbd7 12. Bb2 O-O 13. Rac1 Rac8 14. Qe3 Rfe8 15. Nd4 Qb8 16. f4 g6 17. Bf3 e5 18. Nde2 d5 19. Kh1 d4 20.
Nxd4 exd4 21. Qxd4 Qxf4 22. Nd5 Bxd5 23. cxd5 Rxc1 24. Bxc1 Qg3 25. Be3 Bc5 26. Qd3 Ne5 27.
Qe2 Bxe3 28. Qxe3 Neg4 29. hxg4 Nxg4 0-1

[Event "*** Titled Tuesday Blitz"]
[Site "Chess.com"]
[Date "2019.03.05"]
[Round "10"]
[White "SamCopeland"]
[Black "Kampkatten"]
[Result "0-1"]
[WhiteElo "2047"]
[BlackElo "2736"]
[TimeControl "180+2"]
[EndTime "15:27:04 PST"]
[Termination "Kampkatten won by resignation"]

1. e4 c5 2. Nf3 d6 3. d4 cxd4 4. Nxd4 Nf6 5. Nc3 a6 6. Bg5 e6 7. f4 Be7 8. Qf3 Nbd7 9. O-O-O Qc7 10. g4 b5 11. Bg2 Bb7 12. Qe2 b4 13. Na4 Rc8 14.
Bxf6 Nxf6 15. g5 Nd7 16. h4 Nc5 17. Nxc5 dxc5 18. Nf3 Qxf4+ 19. Kb1 Qxe4 20. Qf2 Qf4 21. Qe2 Bd5 22. b3 c4 23. Rhf1 Qe4 24. Qf2 cxb3 25. axb3 O-O 26. Nd4 Qxg2 0-1

[Event "*** Titled Tuesday Blitz"]
[Site "Chess.com"]
[Date "2019.03.05"]
[Round "10"]
[White "Caterpiller35"]
[Black "Babas"]
[Result "1-0"]
[WhiteElo "2350"]
[BlackElo "2264"]
[TimeControl "180+2"]
[EndTime "15:27:04 PST"]
[Termination "Caterpiller35 won on time"]

1. d4 Nf6 2. Bg5 c5 3. d5 Qb6 4. Nc3 Qxb2 5. Bd2 Qb6 6. e4 d6 7. f4 g6 8. Nf3 Bg7 9. e5 dxe5 10. fxe5 Ng4 11. Rb1 Qd8 12. Bb5+ Bd7 13. e6 fxe6 14. Ng5 Bxb5 15. Nxe6 Qd7 16. Qxg4 Bf6 17. Nxb5 Na6 18. O-O Rc8 19. c4 Nb4 20. Rxf6 exf6 21. Re1 Kf7 22.
Ng5+ fxg5 23. Qxd7+ 1-0

[Event "*** Titled Tuesday Blitz"]
[Site "Chess.com"]
[Date "2019.03.05"]
[Round "10"]
[White "2nd_life"]
[Black "Keaton87"]
[Result "1/2-1/2"]
[WhiteElo "2412"]
[BlackElo "2543"]
[TimeControl "180+2"]
[EndTime "15:27:07 PST"]
[Termination "Game drawn by repetition"]

1. e4 c5 2. Nf3 d6 3. d4 cxd4 4. Nxd4 Nf6 5. Nc3 g6 6. Be3 Bg7 7. f3 O-O 8. Qd2 Nc6 9. O-O-O d5 10. exd5 Nxd5 11. Nxc6 bxc6 12. Bd4 Bxd4 13. Qxd4 Qb6 14. Na4 Qc7 15. Bc4 Rd8 16. Rhe1 Bf5 17. Qe5 Qa5 18. Bb3 Rd6 19. g4 Be6 20. h4 Rad8 21. g5 Qb4 22. Qe4 Qa5 23. Qe5 Qb4 24. Qe4 Qa5 25. Qe5 1/2-1/2

[Event "*** Titled Tuesday Blitz"]
[Site "Chess.com"]
[Date "2019.03.05"]
[Round "10"]
[White "Winehouse83"]
[Black "marianokar"]
[Result "0-1"]
[WhiteElo "2502"]
[BlackElo "2450"]
[TimeControl "180+2"]
[EndTime "15:27:11 PST"]
[Termination "marianokar won by resignation"]

1. d4 Nf6 2. c4 e6 3. Nf3 d5 4. Nc3 dxc4 5. e4 b5 6. e5 Nd5 7.
Nxb5 Nb6 8. Na3 Bxa3 9. bxa3 O-O 10. a4 a5 11. Ba3 Re8 12. Rc1 Ba6 13. h4 Nc6 14. h5 Nb4 15. Qd2 Qd5 16. h6 g6 17.
Qf4 Qd8 18. Ng5 Qe7 19. Rb1 N6d5 20. Qc1 f5 21. exf6 Qxf6 22. Rh3 e5 23. Bxc4 exd4+ 24. Kf1 Bxc4+ 25. Qxc4 Qxg5 26. Bxb4 axb4 27. Qxd4 Qe5 28. Qc4 Qe4 29. Qc1 Nc3 30. Rb3 Qc4+ 0-1

[Event "*** Titled Tuesday Blitz"]
[Site "Chess.com"]
[Date "2019.03.05"]
[Round "10"]
[White "Andrew-FB00"]
[Black "INLOVEWITHF"]
[Result "0-1"]
[WhiteElo "1846"]
[BlackElo "2272"]
[TimeControl "180+2"]
[EndTime "15:27:18 PST"]
[Termination "INLOVEWITHF won by checkmate"]

1. e4 e5 2. Nf3 Nc6 3. Bb5 a6 4. Ba4 d6 5. d4 b5 6. Bb3 Nxd4 7. Nxd4 exd4 8. Bd5 Rb8 9. Qxd4 Bd7 10. c3 Nf6 11. Bg5 Be7 12. O-O Nxd5 13. Qxg7 Rf8 14. exd5 Bxg5 15. Re1+ Be7 16. Nd2 c6 17. Re3 cxd5 18. Rae1 Be6 19. f4 Bf6 20. Qxh7 Rh8 21. Qf5 Kd7 22.
Rxe6 fxe6 23. Rxe6 Be7 24. Qxd5 Qb6+ 25. Kh1 Qf2 26. h3 Rbg8 27. c4 Rxh3+ 28. gxh3 Rg1# 0-1

[Event "*** Titled Tuesday Blitz"]
[Site "Chess.com"]
[Date "2019.03.05"]
[Round "10"]
[White "jflup"]
[Black "NM2019"]
[Result "1-0"]
[WhiteElo "2378"]
[BlackElo "2112"]
[TimeControl "180+2"]
[EndTime "15:27:26 PST"]
[Termination "jflup won on time"]

1. e4 c5 2. Nc3 d6 3. f4 a6 4. Nf3 b5 5. d4 b4 6. Na4 Qa5 7. b3 Bb7 8. d5 Nf6 9. Bd3 e6 10.
dxe6 fxe6 11. e5 Nd5 12. O-O Be7 13. exd6 Bxd6 14. Ne5 g6 15. Qg4 Bc8 16. Nc4 Qc7 17. Bb2 e5 18. Nxd6+ Qxd6 19. Qxc8+ Ke7 20. Qxh8 1-0

[Event "*** Titled Tuesday Blitz"]
[Site "Chess.com"]
[Date "2019.03.05"]
[Round "10"]
[White "LukasHandler"]
[Black "Thjop"]
[Result "0-1"]
[WhiteElo "2399"]
[BlackElo "2570"]
[TimeControl "180+2"]
[EndTime "15:27:32 PST"]
[Termination "Thjop won by resignation"]

1. d4 Nf6 2. c4 g6 3. Nc3 Bg7 4. e4 d6 5. Be2 O-O 6. Be3 Na6 7.
h4 h5 8. Nf3 c5 9. d5 e6 10.
Ng5 exd5 11. cxd5 Nc7 12. O-O a6 13. a4 b6 14. Bf4 Rb8 15. e5 dxe5 16. Bxe5 Nfxd5 17. Bxg7 Kxg7 18. Nce4 f6 19. Nf3 Bf5 20. Ng3 Bg4 21. a5 b5 22. Rc1 c4 23. Nd4 Bxe2 24. Ngxe2 Qd7 25. Nf4 Rfe8 26. Nxd5 Qxd5 27. Qd2 Rbd8 28.
Rfd1 Rd7 29. Qf4 Red8 30. Qe3 Qe5 0-1

[Event "*** Titled Tuesday Blitz"]
[Site "Chess.com"]
[Date "2019.03.05"]
[Round "10"]
[White "King_of_the_wing"]
[Black "toog"]
[Result "0-1"]
[WhiteElo "2136"]
[BlackElo "2242"]
[TimeControl "180+2"]
[EndTime "15:27:47 PST"]
[Termination "toog won by resignation"]

1. e4 c5 2. Nf3 d6 3. d4 cxd4 4.
Nxd4 Nf6 5. Nc3 a6 6. Bg5 Nbd7 7. Bc4 Qa5 8. Qd2 b5 9. Nb3 Qc7 10. Bd5 Rb8 11. a3 e6 12. O-O exd5 13. exd5 Be7 14.
Rfe1 Ne5 15. Bxf6 gxf6 16. f4 Nc4 17. Qe2 Rg8 18. Ne4 Kf8 19. Nd4 Bh3 20. Ng3 Bg4 21. Qf2 Re8 22. Ngf5 Bxf5 23. Nxf5 Qc5 24. Nd4 Bd8 25.
Rxe8+ Kxe8 26. c3 Bb6 27. Re1+ Kf8 28. Qh4 Qxd5 29. Qh6+ Rg7 30. Qh3 Bxd4+ 31. cxd4 Qxd4+ 32. Kh1 Rg6 33. Qxh7 f5 34. Qh4 Kg7 35. h3 Qd2 36. Rg1 Ne3 37. Qe7 Rxg2 0-1

[Event "*** Titled Tuesday Blitz"]
[Site "Chess.com"]
[Date "2019.03.05"]
[Round "10"]
[White "IIIlllII1llIl"]
[Black "1stSecond"]
[Result "1-0"]
[WhiteElo "2618"]
[BlackElo "2738"]
[TimeControl "180+2"]
[EndTime "15:27:55 PST"]
[Termination "IIIlllII1llIl won by checkmate"]

1. g3 d5 2. Bg2 e5 3. d3 g6 4. Nf3 Bg7 5. O-O Ne7 6. e4 Nbc6 7.
Nc3 d4 8. Nd5 h6 9. c4 dxc3 10.
bxc3 Nxd5 11. exd5 Ne7 12. Re1 Nxd5 13. Nxe5 O-O 14.
Qf3 c6 15. Ba3 Nxc3 16. Bxf8 Qxf8 17. d4 Nd5 18. Qb3 Nb6 19. Nxg6 Qd8 20. Re7 Nd5 21. Bxd5 cxd5 22. Rae1 Bf5 23. Nh4 Be6 24. R1xe6 fxe6 25. Qxb7 Bxd4 26. Rxe6 Rb8 27. Rg6+ Kf8 28. Qh7 Bxf2+ 29. Kg2 Qg5 30. Rxg5 hxg5 31. Ng6+ Ke8 32. Qe7# 1-0

[Event "*** Titled Tuesday Blitz"]
[Site "Chess.com"]
[Date "2019.03.05"]
[Round "10"]
[White "KhalilMousavi77"]
[Black "eljanov"]
[Result "0-1"]
[WhiteElo "2695"]
[BlackElo "2778"]
[TimeControl "180+2"]
[EndTime "15:28:08 PST"]
[Termination "eljanov won by resignation"]

1. c4 Nf6 2. Nc3 e5 3. Nf3 Nc6 4. e4 Bc5 5. Nxe5 Nxe5 6. d4 Bb4 7. dxe5 Nxe4 8. Qd3 Nxc3 9. bxc3 Ba5 10. Qg3 O-O 11. Bh6 Bxc3+ 12. Qxc3 gxh6 13. Be2 d6 14. exd6 Qxd6 15. O-O Re8 16. Rad1 Qg6 17. Bf3 c6 18. Rd4 Bf5 19. h4 Rad8 20. Rfd1 Qg7 21. c5 Rxd4 22. Rxd4 Qe5 23. Qc4 Kg7 24. Rd1 Re7 25. a4 Rd7 26.
Rc1 Rd2 27. Qb4 Rb2 28. Qc3 Qxc3 29. Rxc3 a5 30. Rc4 Rb4 31. Rxb4 axb4 32. Bd1 Be6 33.
Bc2 b3 34. Bb1 Kf6 0-1

[Event "*** Titled Tuesday Blitz"]
[Site "Chess.com"]
[Date "2019.03.05"]
[Round "10"]
[White "ALEXJR20"]
[Black "Saitama_Hero"]
[Result "0-1"]
[WhiteElo "2190"]
[BlackElo "2237"]
[TimeControl "180+2"]
[EndTime "15:28:10 PST"]
[Termination "Saitama_Hero won on time"]

1. Nf3 d5 2. g3 c6 3. Bg2 Nf6 4. O-O g6 5. d3 Bg7 6. Nbd2 O-O 7. e4 Na6 8. e5 Nd7 9. d4 Nb6 10.
Re1 Bf5 11. Nh4 Be6 12. f4 c5 13. c3 cxd4 14. cxd4 Nb4 15. a3 Nd3 16. Re3 Nxc1 17. Rxc1 Qd7 18. Rec3 Rac8 19. Nb3 Na4 20. Rxc8 Rxc8 21.
Nc5 Qc6 22. Nd3 Qa6 23. Rxc8+ Bxc8 24. Bxd5 Nb6 25. Be4 Qc4 26. Nf3 Bg4 27. Qc1 Qa4 28.
Nc5 Qb5 29. Bxb7 Nc4 30. Bd5 Nxb2 31. Qc2 h6 32. Kf2 Bf5 33. Be4 Bxe4 34. Qxe4 Nd1+ 35. Kg2 Qb2+ 0-1

[Event "*** Titled Tuesday Blitz"]
[Site "Chess.com"]
[Date "2019.03.05"]
[Round "10"]
[White "NateSolon"]
[Black "KyronGriffith"]
[Result "1/2-1/2"]
[WhiteElo "2534"]
[BlackElo "2377"]
[TimeControl "180+2"]
[EndTime "15:28:10 PST"]
[Termination "Game drawn by agreement"]

1. d4 Nf6 2. Nf3 g6 3. g3 Bg7 4. Bg2 O-O 5. O-O d6 6. b3 a5 7. c4 a4 8. Nc3 axb3 9. Qxb3 Nc6 10. Nd5 Nxd5 11. cxd5 Nxd4 12. Nxd4 Bxd4 13. Rb1 b6 14. Bh6 Bg7 15. Bxg7 Kxg7 16. Rfc1 Ra7 17. h4 h5 18. Rc4 Bg4 19. f3 Bd7 20. Rbc1 e5 21. dxe6 Bxe6 22. Qc3+ Qf6 23. Rxc7 Rxa2 24. Qe3 Qe5 25.
Kf2 Re8 26. Qxe5+ dxe5 27. Rb7 e4 28. Rxb6 exf3 29. Bxf3 Re7 30. Rbc6 Bf5 31. Rc7 Rxc7 32. Rxc7 Ra5 33. Ke3 Be6 34. Kf4 Ra4+ 35. Ke3 Ra3+ 36. Kf2 Ra2 37. Rb7 Kf6 38. Rb6 Ra3 39. Rb5 Ra4 40.
Rc5 Ra2 41. Rb5 Rc2 42. Ra5 1/2-1/2

[Event "*** Titled Tuesday Blitz"]
[Site "Chess.com"]
[Date "2019.03.05"]
[Round "10"]
[White "Dyadya81"]
[Black "BlueWizzard"]
[Result "1-0"]
[WhiteElo "2767"]
[BlackElo "2678"]
[TimeControl "180+2"]
[EndTime "15:28:11 PST"]
[Termination "Dyadya81 won by checkmate"]

1. e4 e6 2. d4 d5 3. Nc3 Nf6 4. e5 Nfd7 5. f4 b6 6. f5 Qh4+ 7. g3 Qe7 8. Nb5 Na6 9. b3 exf5 10. Ba3 Qg5 11. Bxf8 Nxf8 12. Nf3 Qe7 13. a4 Ne6 14.
Qd2 O-O 15. Bd3 g6 16. Qh6 Nb4 17. h4 a6 18. Nc3 c5 19. Ne2 cxd4 20. Nf4 f6 21. O-O Nc5 22. Rae1 Ne4 23. exf6 Qxf6 24. Ng5 Ra7 25. Nxd5 Qd6 26. Nxb4 Qxg3+ 27. Kh1 Nf2+ 28.
Rxf2 Qxf2 29. Bc4+ Rff7 30. Re8# 1-0

[Event "*** Titled Tuesday Blitz"]
[Site "Chess.com"]
[Date "2019.03.05"]
[Round "10"]
[White "Blagorod"]
[Black "Witaliss"]
[Result "0-1"]
[WhiteElo "2116"]
[BlackElo "2399"]
[TimeControl "180+2"]
[EndTime "15:28:12 PST"]
[Termination "Witaliss won by resignation"]

1. e4 d5 2. exd5 Nf6 3. Nf3 Nxd5 4. d4 g6 5. c4 Nb6 6. c5 Nd5 7. Bc4 c6 8. O-O Bg7 9. Nc3 O-O 10. Qb3 Nxc3 11.
bxc3 b5 12. cxb6 axb6 13. Ne5 e6 14. Bf4 Ba6 15. Rab1 Bxc4 16. Qxc4 Qd5 17. Rxb6 Rxa2 18. Qxd5 cxd5 19. Nxf7 Nd7 20. Rxe6 Rxf7 21. Bd6 Bf8 22. Re8 Kg7 23. Be5+ Nxe5 24. Rxe5 Rd7 25. f4 Rc2 26. Rf3 Rc7 27. f5 R2xc3 28. f6+ Kf7 29. Rf1 Rc1 30. Rxd5 Rxf1+ 31. Kxf1 Kxf6 32. Kf2 Ke6 33. Re5+ Kd7 34. Ke3 Bd6 35. Ra5 Bxh2 36. Ke4 Ke6 37. Ra6+ Ke7 38. g4 Rd7 39. Rb6 Kf7 40. Ra6 Kg7 41. g5 Bg1 42. d5 Bh2 43. Kd4 Re7 44. d6 Rd7 45. Kc5 Kf7 46. Kd5 Bf4 47. Rc6 Bxg5 48.
Rc7 Ke8 49. Ke6 Rxd6+ 50. Kxd6 Bf4+ 0-1

[Event "*** Titled Tuesday Blitz"]
[Site "Chess.com"]
[Date "2019.03.05"]
[Round "10"]
[White "LaughingTiger"]
[Black "tomozupan"]
[Result "0-1"]
[WhiteElo "2138"]
[BlackElo "2226"]
[TimeControl "180+2"]
[EndTime "15:28:17 PST"]
[Termination "tomozupan won by checkmate"]

1. d4 Nf6 2. Nf3 g6 3. e3 Bg7 4. Bd3 O-O 5. O-O d5 6. b3 c5 7. Bb2 cxd4 8. exd4 Nc6 9. Nbd2 Nb4 10. Be2 Bf5 11.
c3 Nd3 12. Ba3 Rc8 13. g3 Rxc3 14. Nb1 Ne4 15. Bxd3 Rxd3 16. Qxd3 Nxg3 17. Qe3 Nxf1 18. Kxf1 Qa5 19. Qd2 Qa6+ 20. Kg1 Bxb1 21. Bxe7 Re8 22.
Rxb1 Rxe7 23. Rc1 Qe6 24. Qg5 h6 25. Qg3 Kh7 26. Qh4 Bf6 27. Qf4 g5 28. Qg3 b6 29.
h3 Qf5 30. Kg2 Re4 31. Qc7 Bxd4 32. Qb7 Bc5 33. Rd1 Re2 34. Qxd5 Rxf2+ 35. Kg3 Qf4# 0-1

[Event "*** Titled Tuesday Blitz"]
[Site "Chess.com"]
[Date "2019.03.05"]
[Round "10"]
[White "Jenia84"]
[Black "Ibraev_Vasilj"]
[Result "1-0"]
[WhiteElo "2207"]
[BlackElo "2162"]
[TimeControl "180+2"]
[EndTime "15:28:24 PST"]
[Termination "Jenia84 won by checkmate"]

1. e4 c5 2. Nf3 e6 3. d4 cxd4 4. Nxd4 Nc6 5. Nc3 Qc7 6. Be3 a6 7. a3 Nf6 8. f4 d6 9. Be2 Be7 10.
O-O Bd7 11. Qe1 O-O 12. Rd1 b5 13. Bf3 Rac8 14. g4 Na5 15. g5 Ne8 16. f5 Nc4 17. Bc1 e5 18. Nd5 Qd8 19. f6 gxf6 20. gxf6 Bxf6 21. Nxf6+ Qxf6 22. Bh5 Qg7+ 23. Kh1 Kh8 24.
Rg1 exd4 25. Rxg7 Nxg7 26. Qh4 Ne5 27. Bh6 Rxc2 28. Qf6 Ng6 29. Qxg7# 1-0

[Event "*** Titled Tuesday Blitz"]
[Site "Chess.com"]
[Date "2019.03.05"]
[Round "10"]
[White "Walter_White_Poland"]
[Black "ChessicallyInclined"]
[Result "1-0"]
[WhiteElo "2184"]
[BlackElo "2383"]
[TimeControl "180+2"]
[EndTime "15:28:26 PST"]
[Termination "Walter_White_Poland won by resignation"]

1. e4 e5 2. Nf3 Nc6 3. Bb5 a6 4. Ba4 Nf6 5. O-O Be7 6. Re1 b5 7. Bb3 d6 8. c3 O-O 9. h3 Nb8 10. d4 Nbd7 11. Nbd2 Bb7 12. Bc2 Re8 13. Nf1 Bf8 14.
Ng3 g6 15. a4 c5 16. d5 c4 17. Bg5 Nc5 18. Nh2 Be7 19. Bh6 Nfd7 20. Qd2 Nxa4 21.
Bxa4 bxa4 22. Rxa4 Nc5 23. Rxc4 a5 24. Rxc5 dxc5 25. Nf3 f6 26. Rd1 Qd6 27. c4 a4 28.
Ne1 Ba6 29. Qc2 Reb8 30. Nd3 Bc8 31. Be3 Qb6 32. Ne2 Bd6 33. Nc3 Bd7 34. Ra1 Qb3 35.
Qxb3 Rxb3 36. Ra2 a3 37. Bxc5 Bxc5 38. Nxc5 Rxb2 39. Rxb2 axb2 40. Nxd7 Ra1+ 41. Kh2 b1=Q 42. Nxb1 Rxb1 43. c5 Kf7 44. c6 Ke7 45. f3 Rc1 46.
Nb6 f5 47. Nc8+ Kf6 48. d6 Ke6 49. d7 Rd1 50. Nb6 Ke7 51. c7 Rxd7 52. c8=Q Rd4 53. Nd5+ Kf7 54. Qd7+ Kg8 55. Qe6+ Kf8 56. Qxe5 1-0

[Event "*** Titled Tuesday Blitz"]
[Site "Chess.com"]
[Date "2019.03.05"]
[Round "10"]
[White "FrenchandSlav"]
[Black "Karina_Oparina"]
[Result "1-0"]
[WhiteElo "2300"]
[BlackElo "2167"]
[TimeControl "180+2"]
[EndTime "15:28:31 PST"]
[Termination "FrenchandSlav won by resignation"]

1. d4 Nf6 2. c4 e6 3. Nc3 Bb4 4.
f3 c5 5. d5 d6 6. e4 e5 7. Ne2 O-O 8. g4 Bxg4 9. fxg4 Nxe4 10. Qd3 Qh4+ 11. Ng3 Nxg3 12. Qxg3 Bxc3+ 13. bxc3 Qf6 14. Be2 Nd7 15. Rf1 Qg6 16. h4 Nf6 17. Qh3 Qc2 18. Qd3 Qxd3 19. Bxd3 Nxg4 20. Rg1 h5 21. Bf5 g6 22. Bxg4 hxg4 23. Rxg4 Kg7 24. Bd2 f5 25. Rg5 Rh8 26. h5 Rxh5 27. Rxh5 gxh5 28. Kf2 f4 29. Rg1+ Kf6 30. Kf3 Rh8 31. Be1 Kf5 32. Bh4 e4+ 33. Kf2 Rh7 34. Rg5+ Kf6 35. Rxh5+ Kg6 36.
Rxh7 Kxh7 37. Bg5 f3 38. Bf4 Kg6 39. Bxd6 Kf5 40. Bxc5 b6 41. Be3 Ke5 42. Bd4+ Kf4 43. d6 1-0